[Event "*** Titled Tuesday Blitz"]
[Site "Chess.com"]
[Date "2019.06.04"]
[Round "8"]
[White "Swarnapuri"]
[Black "KNVB"]
[Result "0-1"]
[WhiteElo "2699"]
[BlackElo "2716"]
[TimeControl "180+2"]
[EndTime "14:51:01 PDT"]
[Termination "KNVB won by resignation"]

1. d4 Nf6 2. Bf4 d5 3. e3 c5 4. c3 Nc6 5. Nd2 Bf5 6. Ngf3 e6 7. Qb3 Qb6 8. Nh4 c4 9. Qxb6 axb6 10. Nxf5 exf5 11. a3 b5 12. Rc1 Kd7 13. h3 Bd6 14. g3 Ne4 15. g4 Bxf4 16. Nxe4 fxe4 17. exf4 h5 18. g5 h4 19. Be2 f5 20. gxf6 gxf6 21. Rg1 Rag8 22. Kd2 f5 23. f3 Ke6 24.
Ke3 Ne7 25. Rg5 Kf6 26. Rcg1 Rg6 27. Kf2 Rhg8 28. Rxg6+ Nxg6 29. Ke3 Re8 30. Ra1 exf3+ 31. Kxf3 Nxf4 32. Bf1 Kg5 33. a4 bxa4 34. Rxa4 Re1 35.
Kf2 Rc1 36. Rb4 Nd3+ 37. Bxd3 cxd3 38. Ke3 Rh1 39. Kxd3 Rxh3+ 40. Ke2 Rg3 41. Kf2 Kf4 42. Rxb7 Rg6 43. Rh7 Kg4 44. b4 Rc6 45. b5 Rxc3 46.
b6 Rc2+ 47. Kg1 Rb2 48. b7 h3 49. Rg7+ Kf3 50. Rh7 Ke4 51. Rf7 f4 52. Kh1 Ke3 53.
Kg1 f3 54. Rf8 Rxb7 55. Re8+ Kxd4 56. Kf2 h2 57. Rh8 Rb1 58. Rh4+ Kc5 0-1

[Event "*** Titled Tuesday Blitz"]
[Site "Chess.com"]
[Date "2019.06.04"]
[Round "8"]
[White "MagnutssCarleson"]
[Black "NMJeevanK"]
[Result "1-0"]
[WhiteElo "2320"]
[BlackElo "2426"]
[TimeControl "180+2"]
[EndTime "14:51:04 PDT"]
[Termination "MagnutssCarleson won by resignation"]

1. a3 e5 2. c4 c6 3. e3 d5 4. d4 e4 5. Nc3 Nf6 6. Qb3 Be7 7.
Bd2 O-O 8. Nge2 b6 9. Nf4 Be6 10.
Rc1 dxc4 11. Bxc4 Bxc4 12. Qxc4 Bd6 13. O-O Bxf4 14. exf4 Nd5 15. Nxe4 Re8 16. Rfe1 h6 17. g3 a5 18. f5 Ra7 19. h4 Rae7 20. Qd3 Rd7 21.
Qf3 Nc7 22. f6 Rxd4 23. Bxh6 g6 24. Nc3 Ne6 25. Be3 Rd3 26. h5 Nd4 27. Qg4 Qxf6 28. Bxd4 Rxe1+ 29. Rxe1 Rxd4 30. Re8+ Kg7 31. Qc8 Nd7 32.
Rh8 Qd6 33. Qg8+ Kf6 34. hxg6 fxg6 35. Rh6 Ne5 36. Qh8+ Ke6 37. Qe8+ Qe7 38. Qc8+ Qd7 39. Qb8 Rd1+ 40. Kg2 Rd6 41. Qxb6 Kf7 42. Qe3 Kg7 43.
Rh1 Ng4 44. Qg5 Rd2 45. Ne4 Qd5 46. Qxg4 Re2 47. Qxe2 1-0

[Event "*** Titled Tuesday Blitz"]
[Site "Chess.com"]
[Date "2019.06.04"]
[Round "8"]
[White "Shivagami"]
[Black "Vusatiuk_Vladimir"]
[Result "0-1"]
[WhiteElo "2076"]
[BlackElo "2218"]
[TimeControl "180+2"]
[EndTime "14:51:07 PDT"]
[Termination "Vusatiuk_Vladimir won by resignation"]

1. d4 Nf6 2. Bf4 e6 3. e3 c5 4. c3 b6 5. Nd2 Bb7 6. Ngf3 d6 7.
Bd3 Nbd7 8. h3 Be7 9. O-O O-O 10. Qe2 Qc7 11. e4 e5 12. Bh2 Rfe8 13. Rad1 Bf8 14.
Rfe1 g6 15. Qf1 Bg7 16. Nc4 Nh5 17. Bc2 Nf4 18. Nxd6 Qxd6 19. dxe5 Nxh3+ 20. gxh3 Qe7 21. Ba4 Red8 22. Bg3 Nxe5 23. Nxe5 Bxe5 24. f4 Bf6 25.
e5 Bh4 26. Qf2 Bxg3 27. Qxg3 Qe6 28. Bb3 c4 29. Bc2 Rxd1 30. Rxd1 Qc6 31. Kf2 Re8 32. Rd4 b5 33. Be4 Qb6 34. Bxb7 Qxb7 35. Qf3 Qe7 36. Qc6 Rb8 37. Qd7 Qh4+ 38. Kg2 Qe1 39. Rd2 Qe4+ 40.
Kg3 Qe3+ 41. Kg4 h5+ 42. Kg5 Qg3+ 0-1

[Event "*** Titled Tuesday Blitz"]
[Site "Chess.com"]
[Date "2019.06.04"]
[Round "8"]
[White "wonderfultime"]
[Black "LuckIsMySkill"]
[Result "1-0"]
[WhiteElo "3012"]
[BlackElo "2679"]
[TimeControl "180+2"]
[EndTime "14:51:10 PDT"]
[Termination "wonderfultime won by resignation"]

1. Nf3 Nf6 2. d4 b5 3. Bg5 e6 4. e4 c5 5. a4 Qa5+ 6. Bd2 b4 7. Bd3 c4 8. Bxc4 Nxe4 9. O-O d5 10. Bd3 Ba6 11. Re1 Bxd3 12. cxd3 Nxd2 13. Nbxd2 Be7 14. Nb3 Qd8 15. Ne5 O-O 16. Rc1 Bf6 17. Qd2 a5 18. Rc2 Nd7 19. Nc5 Bxe5 20. dxe5 Nxc5 21. Rxc5 Qd7 22. b3 Rfc8 23. Rec1 Rxc5 24. Rxc5 h6 25. Qc2 Qe7 26. g3 Qg5 27. d4 Qg4 28. Qd3 Qe4 29.
Qxe4 dxe4 30. Kf1 Rd8 31. Rc4 Kh7 32. Ke2 Kg6 33. Ke3 Kf5 34. h3 h5 35. Rc7 f6 36.
g4+ hxg4 37. hxg4+ Kxg4 38. Rxg7+ Kh5 39. exf6 Rc8 40.
f7 Rf8 41. Kxe4 Kh6 42. Rg3 Rxf7 43. Rf3 Rd7 44. Rf6+ Kg5 45. Rxe6 Rc7 46. Re5+ Kg4 47. Rxa5 Rc3 48. Rb5 Rxb3 49. a5 Rb1 50. a6 Re1+ 51.
Kd5 Kf3 52. Rxb4 Ra1 53. Rb6 1-0

[Event "*** Titled Tuesday Blitz"]
[Site "Chess.com"]
[Date "2019.06.04"]
[Round "8"]
[White "NateSolon"]
[Black "JMatias"]
[Result "1-0"]
[WhiteElo "2496"]
[BlackElo "2427"]
[TimeControl "180+2"]
[EndTime "14:51:15 PDT"]
[Termination "NateSolon won by checkmate"]

1. d4 Nf6 2. Bg5 e6 3. e4 h6 4. Bxf6 Qxf6 5. c3 d6 6. Bd3 e5 7.
Ne2 g5 8. O-O Nc6 9. Bb5 Bd7 10.
d5 Nb8 11. Bxd7+ Nxd7 12. Ng3 Bg7 13. Nd2 O-O 14. Nc4 Rfe8 15. Ne3 Nf8 16. Nh5 Qg6 17.
Nf5 Bh8 18. a4 g4 19. Qxg4 Qxg4 20. Nxh6+ Kh7 21. Nxg4 Kg6 22. Ng3 Kg5 23. Ne3 Ng6 24.
Ngf5 Bf6 25. g3 Kh5 26. h4 Nf8 27. Kg2 Kg6 28. a5 a6 29. Ra4 Rab8 30. Rb4 Nd7 31.
Rh1 Nc5 32. f3 Rh8 33. Ng4 Bd8 34. Nf2 f6 35. Rd1 Kf7 36. Nd3 Nd7 37. g4 Be7 38. h5 Bf8 39. Rc4 Rc8 40. Rh1 Bh6 41. Rb1 Bd2 42.
Kf1 Bg5 43. Ke2 Rhd8 44. b4 b5 45. axb6 Nxb6 46. Rc6 Rd7 47. Ra1 Ra8 48. c4 Ra7 49. c5 Nc8 50. Raxa6 Rxa6 51. Rxa6 dxc5 52. Nxc5 Rd8 53.
Ra8 Rg8 54. Ne6 Nd6 55. Ra7 Nb5 56. Rb7 Nc3+ 57. Kd3 Nd1 58. Rxc7+ Ke8 59. Re7# 1-0

[Event "*** Titled Tuesday Blitz"]
[Site "Chess.com"]
[Date "2019.06.04"]
[Round "8"]
[White "chessking2151"]
[Black "Msb2"]
[Result "0-1"]
[WhiteElo "2602"]
[BlackElo "2809"]
[TimeControl "180+2"]
[EndTime "14:51:19 PDT"]
[Termination "Msb2 won by checkmate"]

1. Nf3 d5 2. g3 Bg4 3. Bg2 e6 4. O-O Nf6 5. c4 c6 6. d4 Nbd7 7. h3 Bh5 8. cxd5 exd5 9. Qb3 Qb6 10. Qe3+ Be7 11. Nh4 Bg6 12. Nc3 Qd8 13. b3 O-O 14.
Nxg6 hxg6 15. h4 Re8 16. Qd3 Nf8 17. Bh3 Bb4 18. Nd1 Bd6 19. Ne3 Ne4 20. Ng2 Qc7 21.
Bg4 f5 22. Bf3 Ne6 23. Re1 Bb4 24. Rf1 Nxd4 25. Bf4 Qb6 26. Be3 Bc5 27. Rac1 Ne6 28. Bxc5 N6xc5 29. Qd4 Nd7 30. Qxb6 axb6 31. a4 Nd2 32.
Rfd1 Nxb3 33. Rb1 Nbc5 34. Nf4 Kf7 35. h5 Rxa4 36. hxg6+ Kf6 37. Bxd5 Rxf4 38. gxf4 cxd5 39. Rxd5 Kxg6 40. Rd6+ Re6 41. Rd5 Rxe2 42. Kg2 Kf6 43. Kf3 Re7 44. Rg1 Ne4 45. Rgd1 Ndc5 46. Rd8 Kf7 47.
Rh1 b5 48. Rhh8 Ne6 49. Rd5 Kg6 50. Rh2 b4 51. Rh1 Rc7 52. Rb1 Nc3 53. Rg1+ Kf6 54.
Rd6 Ne4 55. Rb6 Rc3+ 56. Kg2 Rc2 57. Rxb4 Rxf2+ 58. Kh1 Rxf4 59. Rxb7 Rh4+ 60. Kg2 Rg4+ 61. Kf1 Rxg1+ 62. Kxg1 g5 63. Rb6 g4 64. Kg2 Ke5 65.
Kh1 Nf4 66. Rb5+ Nd5 67. Kg2 f4 68. Rb3 Ne3+ 69. Kh1 g3 70. Kg1 Nd2 71. Rb5+ Ke4 72. Kh1 g2+ 73. Kh2 Nf3+ 74. Kh3 g1=N# 0-1

[Event "*** Titled Tuesday Blitz"]
[Site "Chess.com"]
[Date "2019.06.04"]
[Round "8"]
[White "TST2014"]
[Black "witcher8"]
[Result "0-1"]
[WhiteElo "2557"]
[BlackElo "2412"]
[TimeControl "180+2"]
[EndTime "14:51:24 PDT"]
[Termination "witcher8 won by checkmate"]

1. d4 Nf6 2. c4 g6 3. Nc3 Bg7 4. e4 d6 5. Nf3 O-O 6. Be2 e5 7. O-O Nc6 8. d5 Ne7 9. b4 Nh5 10. g3 f5 11. Ng5 Nf6 12. f3 c6 13. Be3 h6 14. Ne6 Bxe6 15. dxe6 Qc7 16. Qb3 Qc8 17. a4 Qxe6 18. a5 Kh7 19. Rad1 f4 20. Bf2 g5 21. g4 h5 22. h3 hxg4 23. fxg4 a6 24. Bf3 Ng6 25. Rd2 Rh8 26. Rfd1 Bf8 27. Qa2 Kg7 28. c5 Qxa2 29. Nxa2 Rxh3 30. Bg2 Ra3 31. cxd6 f3 32. Bf1 Nxe4 33. d7 Nxd2 34. Rxd2 Be7 35. Bb6 e4 36. Bc4 Bd8 37. Bd4+ Bf6 38. Bb6 e3 39. d8=Q Bxd8 40. Rxd8 Rxd8 41. Bxd8 Ne5 42. Be6 Nxg4 43. Bxg5 f2+ 44.
Kg2 e2 45. Bxg4 f1=Q+ 46. Kh2 e1=Q 47. Nc1 Qef2# 0-1

[Event "*** Titled Tuesday Blitz"]
[Site "Chess.com"]
[Date "2019.06.04"]
[Round "8"]
[White "NM2019"]
[Black "fidezivkovic"]
[Result "1-0"]
[WhiteElo "2114"]
[BlackElo "2215"]
[TimeControl "180+2"]
[EndTime "14:51:35 PDT"]
[Termination "NM2019 won on time"]

1. c4 e5 2. Nc3 Bb4 3. Nf3 d6 4. Nd5 a5 5. Nxb4 axb4 6. d4 exd4 7. Qxd4 Nf6 8. Bg5 Nbd7 9. e4 O-O 10. Bd3 Re8 11. O-O h6 12. Bh4 Qe7 13. Rfe1 Ne5 14.
Nxe5 dxe5 15. Bxf6 Qxf6 16. Qc5 Rd8 17. Bf1 Qd6 18.
Qe3 Be6 19. b3 Qd4 20. Qxd4 Rxd4 21. Re2 Rad8 22. f3 Kf8 23. Kf2 Ke7 24. a3 bxa3 25. Rxa3 b6 26. Ra7 R8d7 27. Rc2 Rd1 28. b4 Rb1 29. c5 bxc5 30. bxc5 Bb3 31. c6 Bxc2 32.
cxd7 Kxd7 33. g3 Kd6 34. Bc4 f6 35. Ra6+ Rb6 36. Ra2 Bb3 37. Rd2+ Kc5 38. Be2 Rd6 39. Rb2 Bc4 40. Rc2 Rd4 41. Ke3 Kb4 42. Bxc4 Rxc4 43. Rd2 Kb3 44. Rd7 c5 45. Rxg7 Rc3+ 46. Kf2 Rc2+ 47.
Kg1 c4 48. f4 c3 49. Rg6 Rb2 50.
Rxf6 c2 51. Rc6 Rb1+ 52. Kf2 c1=Q 53. Rxc1 Rxc1 54. fxe5 Rc6 55. Ke3 Kc4 56. Kf4 Kc5 57. Kg4 Re6 58. Kf5 Re8 59. g4 Kc6 60. h4 Kd7 61. g5 hxg5 62. hxg5 Ke7 63. g6 Rg8 64. e6 Rg7 65. e5 Rg8 66. Kg5 Kxe6 67. Kh6 Re8 68. Kh7 1-0

[Event "*** Titled Tuesday Blitz"]
[Site "Chess.com"]
[Date "2019.06.04"]
[Round "8"]
[White "Marcus_Harvey"]
[Black "Babas"]
[Result "0-1"]
[WhiteElo "2593"]
[BlackElo "2402"]
[TimeControl "180+2"]
[EndTime "14:51:36 PDT"]
[Termination "Babas won by resignation"]

1. e4 e5 2. Nf3 Nf6 3. Nxe5 d6 4. Nf3 Nxe4 5. Nc3 Nxc3 6. dxc3 Be7 7. Be3 Nd7 8. Qd2 Nf6 9. O-O-O O-O 10. Kb1 c5 11. h3 Rb8 12. c4 b5 13. cxb5 a6 14. bxa6 Qb6 15. b3 Ne4 16. Qd3 Bf5 17. Nd2 Ng3 18. fxg3 Bxd3 19. Bxd3 d5 20. Rhe1 Bf6 21. c4 Qa5 22.
Rc1 Rfe8 23. Nf3 Qxa6 24. Bxc5 Rxe1 25. Rxe1 dxc4 26. Bxc4 Qa5 27. Bd6 Qc3 28. Be5 Bxe5 29. Rxe5 Rd8 30. Re1 h6 31. Rc1 Qa5 32. Kb2 g6 33. g4 Kg7 34. a4 Rb8 35. Bb5 Qd8 36. Rc2 Qf6+ 37. Ka2 Rd8 38. Rb2 Qc3 39. g5 hxg5 40.
Bc4 f6 41. Ka3 Kh6 42. Ka2 f5 43. Ng1 Rd2 44. Rxd2 Qxd2+ 45. Ka3 Qc1+ 46. Kb4 Qxg1 47. a5 Qxg2 48. a6 Qc6 49. Ka5 Qc5+ 50. Bb5 g4 51. b4 Qa7 52. hxg4 Qc7+ 53. Ka4 fxg4 54. Bd3 g3 55. Be4 Qd7+ 56. Ka5 Qc7+ 57. Ka4 Qb6 58. Bb7 Kg5 59. b5 Kf4 0-1

[Event "*** Titled Tuesday Blitz"]
[Site "Chess.com"]
[Date "2019.06.04"]
[Round "8"]
[White "SanchezKelvin"]
[Black "bugsbunny444"]
[Result "1-0"]
[WhiteElo "2454"]
[BlackElo "2474"]
[TimeControl "180+2"]
[EndTime "14:51:36 PDT"]
[Termination "SanchezKelvin won by checkmate"]

1. d4 e6 2. c4 b6 3. Nf3 Bb7 4. Bg5 Be7 5. Bxe7 Qxe7 6. Nbd2 f5 7.
e3 Nf6 8. Bd3 O-O 9. Qc2 c5 10.
dxc5 bxc5 11. O-O Nc6 12. a3 g6 13. Rfe1 e5 14. e4 f4 15. Nb3 a5 16. Bf1 d6 17.
Rad1 Kg7 18. Nbd2 a4 19. Nb1 Nd4 20. Qd3 Bc6 21. Nc3 Rfb8 22. Rd2 Rb3 23. Qb1 Rab8 24. Nxd4 cxd4 25. Nb5 Nd7 26. Bd3 f3 27. g3 Qe6 28.
Bf1 Nc5 29. Qc1 Nxe4 30. Rd3 Qf6 31. Rxb3 axb3 32. a4 Nc5 33. a5 Ra8 34. Qa1 Qd8 35. a6 Rxa6 36. Qc1 h6 37. h4 Ra8 38. Qd2 Ra2 39.
Na3 Na4 40. Rb1 Qb6 41. c5 Qxc5 42. Rc1 Qb6 43. Nc4 Qd8 44. Qb4 Nc5 45. Nxd6 Qxd6 46. Rxc5 Rxb2 47. Qb6 Rc2 48. Ra5 b2 49. Ra7+ Kf6 50.
Qb3 b1=Q 51. Qf7# 1-0

[Event "*** Titled Tuesday Blitz"]
[Site "Chess.com"]
[Date "2019.06.04"]
[Round "8"]
[White "Borsuk_Konstantin"]
[Black "vugarrasulov"]
[Result "1-0"]
[WhiteElo "2613"]
[BlackElo "2750"]
[TimeControl "180+2"]
[EndTime "14:51:37 PDT"]
[Termination "Borsuk_Konstantin won by resignation"]

1. d4 Nf6 2. c4 e6 3. Nc3 Bb4 4. e3 O-O 5. Ne2 c6 6. Qc2 d5 7. a3 Ba5 8. c5 Nbd7 9. f4 Ne4 10.
b4 Nxc3 11. Nxc3 Bc7 12. Bd3 f5 13. O-O Nf6 14. Bd2 Ne4 15. Nxe4 fxe4 16. Be2 g5 17. Rf2 gxf4 18. exf4 Kh8 19. Raf1 Bd7 20. g4 Qh4 21. Qc1 Rf7 22. Rg2 Raf8 23. Be3 b5 24. g5 a5 25.
Rg4 Qh5 26. Qe1 Qg6 27. Rh4 axb4 28. Bh5 Qg7 29. Bxf7 Rxf7 30. axb4 Be8 31. Qg3 Rf8 32. Rh6 Bg6 33. h4 Bf5 34. Ra1 Rg8 35. Kg2 Bb8 36. Rf6 Qd7 37. Kf2 Qe8 38. Rh6 Bc7 39. Ra7 Qb8 40.
Ra1 Bd8 41. Ke2 Be7 42. Qg1 Bf8 43. Rf6 Qe8 44. Kd2 Bg7 45. Rxf5 exf5 46. Qd1 Qd7 47. h5 Re8 48. Kc3 Kg8 49. Ra6 h6 50. gxh6 Bxh6 51. Qg1+ Qg7 52. Qxg7+ Bxg7 53. Rxc6 Ra8 54. Kb3 Ra1 55.
Rg6 Kf7 56. c6 Re1 57. c7 Rxe3+ 58. Kc2 Re2+ 59. Kd1 1-0

[Event "*** Titled Tuesday Blitz"]
[Site "Chess.com"]
[Date "2019.06.04"]
[Round "8"]
[White "alturas_pacificas"]
[Black "Bad4life"]
[Result "0-1"]
[WhiteElo "2250"]
[BlackElo "2440"]
[TimeControl "180+2"]
[EndTime "14:51:42 PDT"]
[Termination "Bad4life won by resignation"]

1. d4 d6 2. Bf4 g6 3. e3 Bg7 4.
Nf3 Nd7 5. Bc4 c6 6. O-O Nh6 7. e4 d5 8. Bd3 dxe4 9. Bxe4 Nf6 10. Bd3 O-O 11. c3 Bf5 12. Bxf5 Nxf5 13. Nbd2 Nd5 14.
Be5 f6 15. Bg3 Qd7 16. Re1 Rad8 17. Ne4 b6 18. a4 a5 19. Qb3 Kh8 20. Nfd2 h5 21.
f3 Nxg3 22. hxg3 Bh6 23. Nc4 Rb8 24. Kf2 Kg7 25. Qa3 b5 26. Nc5 Qa7 27. Ne6+ Kf7 28. Nxf8 Bxf8 29. axb5 cxb5 30. Nxa5 e5 31. Qb3 Qd7 32.
dxe5 Bc5+ 33. Kf1 Kg7 34. Rad1 Rd8 35. exf6+ Kh6 36. Rxd5 Qxd5 37. Qxd5 Rxd5 38. Nb3 Bd6 39. Nd4 Bxg3 40. Re8 Rd7 41. Ne6 g5 42. Re7 Rd2 43.
Nf8 g4 44. Rh7+ Kg5 45. fxg4 Rf2+ 46. Kg1 Rd2 47. Rxh5+ Kxg4 48. Kf1 Rf2+ 49. Ke1 Kxh5 50. Kd1 Rxf6 51. Nd7 Rd6+ 52. Kc2 Rxd7 53. Kb3 Bd6 54. c4 b4 55. Ka4 Rb7 56. b3 Bc5 57.
Ka5 Rb8 58. Ka6 Kg5 59. Ka5 Kf5 0-1

[Event "*** Titled Tuesday Blitz"]
[Site "Chess.com"]
[Date "2019.06.04"]
[Round "8"]
[White "RojonR"]
[Black "Niclox"]
[Result "1-0"]
[WhiteElo "2413"]
[BlackElo "2623"]
[TimeControl "180+2"]
[EndTime "14:51:45 PDT"]
[Termination "RojonR won on time"]

1. e4 c5 2. Nf3 d6 3. d4 cxd4 4. Qxd4 Nc6 5. Bb5 e5 6. Bxc6+ bxc6 7. Qd3 h6 8. c4 Nf6 9. Nc3 Be7 10. O-O O-O 11.
Rd1 Qc7 12. b3 Be6 13. Bb2 Rfd8 14. Rac1 Nd7 15. Ba3 Nc5 16. Qe3 f6 17. Bxc5 dxc5 18. Na4 Rd4 19. Nxd4 cxd4 20. Qg3 Qa5 21. f4 exf4 22.
Qxf4 Qe5 23. Qf2 c5 24. Nb2 Qxe4 25. Re1 Qc6 26. Nd3 Bf8 27. Nf4 Bf7 28. Re2 a5 29.
Rce1 a4 30. Qg3 axb3 31. axb3 Bd6 32. Qf2 Qb7 33. Ne6 Qxb3 34. Qh4 Qxc4 35. Qg4 Bxe6 36.
Rxe6 Be5 37. Re7 g5 38. Qf5 Kf8 39. R7xe5 Qf7 40. Re6 Kg7 41. Re7 Rf8 42. Rxf7+ Rxf7 43. Qxc5 Rd7 44. Re7+ Rxe7 45. Qxe7+ Kg6 46. Qe8+ Kg7 47.
Qd7+ Kg6 48. Qxd4 h5 49. g4 hxg4 50. Qxg4 f5 51. Qd4 g4 52. Qf4 1-0

[Event "*** Titled Tuesday Blitz"]
[Site "Chess.com"]
[Date "2019.06.04"]
[Round "8"]
[White "Bigfish1995"]
[Black "Semen_Khanin"]
[Result "1-0"]
[WhiteElo "2960"]
[BlackElo "2717"]
[TimeControl "180+2"]
[EndTime "14:51:46 PDT"]
[Termination "Bigfish1995 won by resignation"]

1. d4 Nf6 2. c4 e6 3. Nf3 Bb4+ 4. Nbd2 O-O 5. a3 Be7 6. b4 d6 7. Bb2 a5 8. b5 c6 9. a4 cxb5 10. axb5 b6 11. e4 Bb7 12. Bd3 e5 13. O-O Nbd7 14. Re1 Qc7 15. Qe2 Rfe8 16. h3 Bf8 17. d5 Nc5 18. Bc2 g6 19. g4 Bc8 20. Ra3 h5 21. g5 Nh7 22. Qf1 Be7 23. Qg2 Qd8 24. h4 Bg4 25.
Nh2 Bd7 26. f4 exf4 27. Rf1 Bf8 28. Rxf4 Bg7 29. Bxg7 Kxg7 30. Raf3 Re7 31. Qf2 Be8 32. Qd4+ Kg8 33. Nhf1 Nd7 34. Rf2 Ne5 35. Ne3 a4 36.
Rf1 a3 37. Ra1 Qc7 38. Bb3 Nf8 39. Nb1 Nfd7 40. Rxa3 Rxa3 41. Nxa3 Nc5 42. Bd1 Qa7 43. Nac2 Qa2 44. Rf6 Qb1 45. Qa1 Qb3 46. Qd4 Ned3 47. Bf3 Qb1+ 48. Kh2 Ne5 49. Bg2 Qc1 50. Rf1 Nb3 51.
Qxe5 Qxf1 52. Qxe7 Qf4+ 53. Kg1 Nd2 54. Qxe8+ Kg7 55.
Qe7 Qg3 56. Qf6+ Kg8 57. Qf2 1-0

[Event "*** Titled Tuesday Blitz"]
[Site "Chess.com"]
[Date "2019.06.04"]
[Round "8"]
[White "MITerryble"]
[Black "igorkovalenko"]
[Result "1/2-1/2"]
[WhiteElo "2794"]
[BlackElo "2881"]
[TimeControl "180+2"]
[EndTime "14:51:49 PDT"]
[Termination "Game drawn by repetition"]

1. d4 d5 2. Nf3 Nf6 3. c4 e6 4. e3 a6 5. b3 b6 6. Bb2 Bb7 7. Bd3 Nbd7 8. O-O Bd6 9. Ne5 O-O 10. Nd2 Qe7 11. Qc2 Rfd8 12. cxd5 exd5 13. Nc6 Bxc6 14. Qxc6 Qe6 15. Qc2 Re8 16. Bf5 Qe7 17.
Qc6 Nf8 18. Rfc1 Ng6 19. Nf3 a5 20. a4 Rad8 21. Rc2 Ne4 22. g3 Qf6 23. Bg4 Ne7 24. Qb5 h5 25. Bxh5 Qf5 26. Bxf7+ Qxf7 27. Ne1 Rf8 28.
Qe2 Nf5 29. Nd3 Nh6 30. f4 Qe6 31. Ne5 Bxe5 32. dxe5 c5 33. Rd1 Rd7 34. Qg2 Rfd8 35. Re2 Qg4 36. Rde1 Nf5 37. Rc2 Re8 38. Qe2 Qh3 39.
Qg2 Qh7 40. g4 Nh4 41. Qh3 Ng5 42. fxg5 Qxc2 43. Qxh4 Qxb2 44. g6 Qxe5 45. Qh7+ Kf8 46. Qh4 Kg8 47. Qh7+ Kf8 48. Qh4 Re6 49. Rf1+ Rf6 50.
Qh8+ Ke7 51. Qxg7+ Ke6 52. Qg8+ Kd6 53. Qb8+ Ke6 54.
Qe8+ Kd6 55. Qb8+ Ke6 56. Qe8+ Kd6 57. Qb8+ 1/2-1/2

[Event "*** Titled Tuesday Blitz"]
[Site "Chess.com"]
[Date "2019.06.04"]
[Round "8"]
[White "Everyfishknows"]
[Black "PowerThinking2650"]
[Result "1/2-1/2"]
[WhiteElo "2229"]
[BlackElo "2352"]
[TimeControl "180+2"]
[EndTime "14:51:49 PDT"]
[Termination "Game drawn by repetition"]

1. Nf3 Nf6 2. c4 g6 3. Nc3 Bg7 4. e4 d6 5. d4 O-O 6. Be2 e5 7. O-O Nc6 8. Be3 Ng4 9. Bg5 f6 10. Bc1 f5 11. Bg5 Qe8 12. exf5 gxf5 13. dxe5 dxe5 14.
Nd5 Qf7 15. Bd2 h6 16. Bc3 e4 17.
Nd4 Nce5 18. h3 c6 19. hxg4 cxd5 20. Nxf5 Bxf5 21. gxf5 dxc4 22. Qa4 Nd3 23. Bxg7 Kxg7 24. Bxd3 exd3 25. Rac1 Rac8 26. Qxa7 b5 27. Qd4+ Qf6 28.
Qd7+ Kh8 29. Qxb5 Qxf5 30. Qxf5 Rxf5 31. Rfd1 Rfc5 32. b3 cxb3 33. Rxc5 Rxc5 34. axb3 Rc3 35. f3 Rxb3 36. Kf2 Rb2+ 37. Kg3 d2 38. Kf2 Kg7 39.
Ke2 Kg6 40. Rxd2 Rb6 41. Kf2 h5 42. g3 Re6 43. Kg2 Rf6 44. f4 Rc6 45. Rd3 Rc1 46. Rd6+ Kf5 47. Rd5+ Kg6 48. Rg5+ Kh6 49. Rd5 Rb1 50.
Rd6+ Kg7 51. Kf3 Rb3+ 52. Kf2 Rb2+ 53. Ke3 h4 54. gxh4 Rh2 55. Ke4 Rxh4 56. Kf5 Kf7 57. Ra6 Rh5+ 58. Ke4 Rb5 59. Kf3 Rc5 60. Kg4 Rb5 61.
Ra7+ Kf6 62. Ra6+ Kf7 63. Kf3 Rb3+ 64. Kg4 Rb5 1/2-1/2

[Event "*** Titled Tuesday Blitz"]
[Site "Chess.com"]
[Date "2019.06.04"]
[Round "8"]
[White "ZenBull"]
[Black "HanSchut"]
[Result "1-0"]
[WhiteElo "2100"]
[BlackElo "2181"]
[TimeControl "180+2"]
[EndTime "14:51:51 PDT"]
[Termination "ZenBull won by checkmate"]

1. Nf3 Nf6 2. d4 d5 3. c4 c6 4.
g3 g6 5. Nc3 Bg7 6. cxd5 Nxd5 7. Bg2 O-O 8. O-O h6 9. e3 Nb6 10. Qe2 Be6 11. Rd1 N8d7 12. b3 Nf6 13. Bb2 Rc8 14. Rac1 Nbd5 15. Nxd5 Bxd5 16. Bh3 Rc7 17. Nd2 Ne4 18. Nxe4 Bxe4 19. f3 Bf5 20. Bxf5 gxf5 21.
Ba3 Re8 22. Qc2 Qd7 23. Kg2 Rec8 24. Qe2 Qe6 25. Rc4 Qg6 26. Bc1 Rd7 27. Kf2 Rcd8 28. Qc2 e5 29. Bb2 exd4 30. Bxd4 b6 31. Rxc6 Qh5 32.
Kg2 Bxd4 33. exd4 f4 34. g4 Qg5 35. Rc8 h5 36. Rxd8+ Rxd8 37. h3 hxg4 38. hxg4 Kg7 39. Qf5 Qxf5 40. gxf5 f6 41. Kh3 Kf7 42. Kg4 Rd5 43.
Kxf4 Ra5 44. a4 Rd5 45. Ke4 Rd8 46. Rh1 Kg7 47. Rg1+ Kf7 48. Rc1 Rd7 49. Rc6 Re7+ 50. Re6 Rd7 51. d5 Rc7 52. Rc6 Rd7 53. Kd4 Ke7 54.
Re6+ Kf7 55. d6 Rd8 56. Re7+ Kf8 57. Kd5 Rc8 58. Ke6 Rc3 59. Rxa7 Rxb3 60. d7 Re3+ 61. Kxf6 Rd3 62. Ra8# 1-0

[Event "*** Titled Tuesday Blitz"]
[Site "Chess.com"]
[Date "2019.06.04"]
[Round "8"]
[White "Durarbayli"]
[Black "fastestmindalive"]
[Result "1-0"]
[WhiteElo "2771"]
[BlackElo "2792"]
[TimeControl "180+2"]
[EndTime "14:51:57 PDT"]
[Termination "Durarbayli won on time"]

1. e4 c5 2. Nc3 Nc6 3. Nf3 g6 4. h4 h5 5. d4 cxd4 6. Nxd4 Bg7 7. Be3 Nf6 8. Be2 O-O 9. Nb3 d6 10. f3 Ne5 11. Qd2 a5 12. a4 Be6 13. Nd4 Bd7 14. g4 Rc8 15. g5 Ne8 16. b3 Nc7 17. Rg1 Na6 18. Nd5 Nb4 19. Nxb4 axb4 20. Qxb4 Nc6 21. Nxc6 Rxc6 22. O-O-O Qc7 23. c4 Rc8 24. Rd2 Ra8 25. Kb1 Rca6 26. Ra2 Be6 27. Rd1 Rc6 28. Bd4 Bxd4 29.
Rxd4 Rc5 30. f4 b6 31. Rc2 Ra7 32. Bd3 Bg4 33. Rd5 Qc6 34. Rxc5 dxc5 35. Qc3 Rd7 36. Rd2 Rd4 37. Bc2 Qd6 38. e5 Qd7 39. Rxd4 cxd4 40. Qd2 Kg7 41. Kb2 e6 42. b4 Qd8 43.
Be4 Qd7 44. Kb3 Qd8 45. Qd3 Qd7 46. c5 bxc5 47. bxc5 Qd8 48. Kb4 Qb8+ 49. Qb5 Qd8 50. c6 Bf5 51. Bxf5 gxf5 52. Qc4 Qb6+ 53. Qb5 Qd8 54. Qc5 1-0

[Event "*** Titled Tuesday Blitz"]
[Site "Chess.com"]
[Date "2019.06.04"]
[Round "8"]
[White "Slovak_fighter2000"]
[Black "orrbaverlekszarnyon"]
[Result "1-0"]
[WhiteElo "2489"]
[BlackElo "2249"]
[TimeControl "180+2"]
[EndTime "14:52:00 PDT"]
[Termination "Slovak_fighter2000 won by checkmate"]

1. d4 d5 2. Nf3 c5 3. c4 e6 4. e3 Nc6 5. Nc3 Nf6 6. a3 cxd4 7. exd4 Be7 8. Bd3 O-O 9. O-O b6 10. Bg5 h6 11. Bh4 Ba6 12. Bxf6 Bxf6 13. cxd5 Bxd3 14. Qxd3 exd5 15. Rad1 Na5 16. Qf5 Nc4 17. Nxd5 Nxb2 18. Rc1 Bg5 19. Nxg5 Qxg5 20. Qxg5 hxg5 21. Rc3 Rfd8 22.
Nc7 Rac8 23. d5 Na4 24. Rc4 Nc5 25. Nb5 Rxd5 26. Nxa7 Ra8 27. Nb5 Rd2 28. h4 gxh4 29. Rxh4 Ra5 30. Rb4 Nd3 31. Rb3 Rb2 32. Rxd3 Rbxb5 33.
Re1 Re5 34. Rb1 Reb5 35. Rbd1 g6 36. g3 Ra4 37. Rc3 Rc5 38. Rb3 Rca5 39. Rdd3 Kg7 40. Kg2 Ra7 41. Kf3 R7a5 42. Ke2 Rc5 43. Kd2 Rf5 44. Ke2 Re5+ 45. Kf1 Rea5 46. Ke2 Re5+ 47. Kd2 Rf5 48. f3 Rg5 49. g4 Rga5 50. Kc2 Rc5+ 51. Kb2 b5 52. Re3 Rac4 53. Rbc3 Kf6 54. Kb3 Rxc3+ 55. Rxc3 Rd5 56. Kb4 Kg5 57. Rc5 Rxc5 58. Kxc5 Kf4 59. Kxb5 Kxf3 60. g5 Kg4 61. a4 Kxg5 62.
a5 f5 63. a6 Kg4 64. a7 f4 65. a8=Q f3 66. Kc4 Kg3 67. Kd3 Kf2 68. Qa2+ Kg3 69.
Ke3 g5 70. Qf2+ Kg4 71. Qxf3+ Kh4 72. Qg2 g4 73. Kf4 Kh5 74. Qxg4+ Kh6 75. Kf5 Kh7 76. Kf6 Kh8 77. Qg7# 1-0

[Event "*** Titled Tuesday Blitz"]
[Site "Chess.com"]
[Date "2019.06.04"]
[Round "8"]
[White "cool4chess"]
[Black "Muracle"]
[Result "1-0"]
[WhiteElo "2378"]
[BlackElo "2542"]
[TimeControl "180+2"]
[EndTime "14:52:01 PDT"]
[Termination "cool4chess won by resignation"]

1. e4 c5 2. Nf3 Nc6 3. Bb5 g6 4. O-O Bg7 5. Re1 e5 6. b4 cxb4 7. a3 a6 8. axb4 Nge7 9. Bc4 O-O 10. b5 Nd4 11. Nxd4 exd4 12. Bb2 d5 13. exd5 Nxd5 14.
Qf3 Nb6 15. Bb3 a5 16. Ba3 a4 17. Bxf8 axb3 18. Rxa8 Bxf8 19. Rxc8 Qxc8 20. Qxb3 Qf5 21. Na3 Nd5 22. Nc4 Nf4 23. Ne5 Bd6 24. Nf3 d3 25.
g3 Ne2+ 26. Kg2 dxc2 27. Qb2 c1=Q 28. Rxc1 Nxc1 29. Qxc1 Qxb5 30. Qc8+ Kg7 31. Qc3+ f6 32. Qc8 Qd5 33. Qd7+ Kh6 34. Qh3+ Kg7 35. Qd7+ Kg8 36. Qd8+ Kf7 37. Qd7+ Kf8 38. Qxh7 Qf7 39. Qh8+ Ke7 40. Qc8 Qd5 41. d4 b5 42. Qc3 b4 43. Qe3+ Kf7 44.
Qd2 g5 45. h3 b3 46. Qb2 Qc4 47. Nd2 Qd5+ 48. Kh2 Kg7 49. Nxb3 Qf3 50. Nc5 Kh6 51.
Qd2 Kg7 52. Ne6+ Kf7 53. d5 Ke7 54. Nd4 Qxd5 55. Qe3+ Kf7 56. Nf3 Bc5 57. Qe2 Bd6 58. Nd2 Be5 59. Ne4 Kg7 60. Qf3 Qa2 61. Kg2 Bd4 62. Qf5 Qf7 63. Nd6 Qe7 64. Qd5 Qe5 65.
Qxd4 1-0